TOP OF THE 1ST |
Louisiana Dragoons batting - Pitching for Kennesaw Jets : LHP Andy Williams
|
Pitching: LHP Andy Williams
|
|
Batting: RHB Colt Allen
|
0-0: Called Strike 0-1: Called Strike 0-2: Strikes out looking
|
Batting: RHB Aubrey Callahan
|
0-0: Ball 1-0: Called Strike 1-1: Foul Ball, location: 2F 1-2: Strikes out swinging
|
Batting: RHB Jesse Garrett
|
0-0: Swinging Strike 0-1: Ball 1-1: Called Strike 1-2: Ball 2-2: Ball 3-2: Strikes out swinging
|
Top of the 1st over - 0 runs, 0 hits, 0 errors, 0 left on base; Louisiana 0 - Kennesaw 0 |
BOTTOM OF THE 1ST |
Kennesaw Jets batting - Pitching for Louisiana Dragoons : RHP Patrick Carlson
|
Pitching: RHP Patrick Carlson
|
|
Batting: RHB Sasha Orlovsky
|
0-0: Ball 1-0: Swinging Strike 1-1: Swinging Strike 1-2: Foul Ball, location: 2F 1-2: Strikes out swinging
|
Batting: RHB Brent Leroy
|
0-0: Called Strike 0-1: Foul Ball, location: 2F 0-2: Strikes out swinging
|
Batting: RHB Bras Castanheta
|
0-0: Foul Ball, location: 2F 0-1: Ball 1-1: Ball 2-1: Foul Ball, location: 2F 2-2: Foul Ball, location: 2F 2-2: Ball 3-2: SINGLE (Flyball, 7LS, EV 91.9 MPH)
|
Batting: RHB Andy Combs
|
0-0: Fly out, F9 (Flyball, 9D, EV 100.6 MPH)
|
Bottom of the 1st over - 0 runs, 1 hit, 0 errors, 1 left on base; Louisiana 0 - Kennesaw 0 |
TOP OF THE 2ND |
Louisiana Dragoons batting - Pitching for Kennesaw Jets : LHP Andy Williams
|
Batting: RHB Jerry Williams
|
0-0: Ball 1-0: Fly out, F3 (Popup, 3SF, EV 65.6 MPH)
|
Batting: RHB Jun-soo Yi
|
0-0: Ball 1-0: Ball 2-0: Ball 3-0: Base on Balls
|
Batting: RHB Cristóbal Arteaga
|
0-0: Foul Ball, location: 2F 0-1: Foul Ball, location: 2F 0-2: Ball 1-2: Foul Ball, location: 2F 1-2: Ball 2-2: Strikes out looking
|
Batting: SHB Ron Carlisle
|
0-0: SINGLE (Flyball, 8LS, EV 95.6 MPH) Jun-soo Yi to second Runner from 2nd tries for 3rd, SAFE, no throw by CF
|
Batting: RHB Si-xun Jin
|
0-0: Swinging Strike 0-1: Ball 1-1: Foul Ball, location: 2F 1-2: 3-RUN HOME RUN (Flyball, 7D, EV 100.6 MPH), Distance : 355 ft
|
Batting: LHB Rashid Jeltkov
|
0-0: Ball 1-0: Ball 2-0: Ball 3-0: Called Strike 3-1: Swinging Strike 3-2: Foul Ball, location: 2F 3-2: Strikes out swinging
|
Top of the 2nd over - 3 runs, 2 hits, 0 errors, 0 left on base; Louisiana 3 - Kennesaw 0 |
BOTTOM OF THE 2ND |
Kennesaw Jets batting - Pitching for Louisiana Dragoons : RHP Patrick Carlson
|
Batting: RHB Adam Wiltern
|
0-0: Ball 1-0: Called Strike 1-1: Foul Ball, location: 2F 1-2: Fly out, F9 (Flyball, 9S, EV 88.1 MPH)
|
Batting: LHB Reynaldo Pérez
|
0-0: Called Strike 0-1: Foul Ball, location: 2F 0-2: Fly out, F9 (Line Drive, 9, EV 91.9 MPH)
|
Batting: RHB Scipione Borghese
|
0-0: Ball 1-0: Called Strike 1-1: Foul Ball, location: 2F 1-2: Ball 2-2: Ball 3-2: Base on Balls
|
Batting: LHB Robert Dawson
|
0-0: Called Strike 0-1: Ball 1-1: Ball 2-1: Ground out 1-3 (Groundball, 34S, EV 88.1 MPH)
|
Bottom of the 2nd over - 0 runs, 0 hits, 0 errors, 1 left on base; Louisiana 3 - Kennesaw 0 |
TOP OF THE 3RD |
Louisiana Dragoons batting - Pitching for Kennesaw Jets : LHP Andy Williams
|
Batting: RHB Colt Allen
|
0-0: Called Strike 0-1: Ground out 1-3 (Groundball, 13, EV 80.0 MPH)
|
Batting: RHB Aubrey Callahan
|
0-0: Ball 1-0: Foul Ball, location: 2F 1-1: Fly out, F8 (Flyball, 8LS, EV 72.5 MPH)
|
Batting: RHB Jesse Garrett
|
0-0: Ball 1-0: Ball 2-0: Ground out 4-3 (Groundball, 4M, EV 93.1 MPH)
|
Top of the 3rd over - 0 runs, 0 hits, 0 errors, 0 left on base; Louisiana 3 - Kennesaw 0 |
BOTTOM OF THE 3RD |
Kennesaw Jets batting - Pitching for Louisiana Dragoons : RHP Patrick Carlson
|
Batting: LHB Matt Mullen
|
0-0: Called Strike 0-1: Ground out 6-3 (Groundball, 6, EV 105.6 MPH)
|
Batting: RHB Sasha Orlovsky
|
0-0: Called Strike 0-1: Foul Ball, location: 2F 0-2: Ball 1-2: Ball 2-2: Ball 3-2: Foul Ball, location: 2F 3-2: Foul Ball, location: 2F 3-2: Foul Ball, location: 2F 3-2: Base on Balls
|
Batting: RHB Brent Leroy
|
0-0: Foul Ball, location: 2F 0-1: Ball 1-1: Ball Wild Pitch! Sasha Orlovsky to second 2-1: Fly out, F9 (Flyball, 9LM, EV 93.8 MPH)
|
Batting: RHB Bras Castanheta
|
0-0: Foul Ball, location: 2F 0-1: Foul Ball, location: 2F 0-2: Ball 1-2: Fly out, F7 (Line Drive, 7, EV 98.1 MPH)
|
Bottom of the 3rd over - 0 runs, 0 hits, 0 errors, 1 left on base; Louisiana 3 - Kennesaw 0 |
TOP OF THE 4TH |
Louisiana Dragoons batting - Pitching for Kennesaw Jets : LHP Andy Williams
|
Batting: RHB Jerry Williams
|
0-0: Ball 1-0: Foul Ball, location: 2F 1-1: Swinging Strike 1-2: Strikes out swinging
|
Batting: RHB Jun-soo Yi
|
0-0: Ball 1-0: Ball 2-0: Ball 3-0: Called Strike 3-1: Called Strike 3-2: Fly out, F8 (Line Drive, 8LM, EV 97.5 MPH)
|
Batting: RHB Cristóbal Arteaga
|
0-0: Foul Ball, location: 2F 0-1: SINGLE (Groundball, 56D, EV 96.2 MPH)
|
Batting: SHB Ron Carlisle
|
0-0: Called Strike 0-1: Fielders Choice at 2nd, U6 (Groundball, 6M, EV 80.6 MPH)
|
Top of the 4th over - 0 runs, 1 hit, 0 errors, 1 left on base; Louisiana 3 - Kennesaw 0 |
BOTTOM OF THE 4TH |
Kennesaw Jets batting - Pitching for Louisiana Dragoons : RHP Patrick Carlson
|
Batting: RHB Andy Combs
|
0-0: Foul Ball, location: 2F 0-1: Ball 1-1: SINGLE (Line Drive, 7S, EV 91.9 MPH)
|
Batting: RHB Adam Wiltern
|
0-0: Ball 1-0: Ball 2-0: Ball 3-0: Called Strike 3-1: Fly out, F9 (Flyball, 9LS, EV 85.6 MPH)
|
Batting: LHB Reynaldo Pérez
|
0-0: Ball 1-0: Ball 2-0: Called Strike 2-1: 2-RUN HOME RUN (Flyball, 9D, EV 83.8 MPH), Distance : 338 ft
|
Batting: RHB Scipione Borghese
|
0-0: Fly out, F9 (Flyball, 9LDF, EV 94.4 MPH)
|
Batting: LHB Robert Dawson
|
0-0: Called Strike 0-1: SINGLE (Line Drive, 6MD, EV 105.6 MPH)
|
Batting: LHB Matt Mullen
|
0-0: Ball 1-0: Swinging Strike 1-1: Ball 2-1: Foul Ball, location: 2F 2-2: Ball 3-2: Base on Balls Robert Dawson to second
|
Batting: RHB Sasha Orlovsky
|
0-0: Called Strike 0-1: Ball 1-1: Foul Ball, location: 2F 1-2: Ball 2-2: Ball 3-2: Ground out 6-3 (Groundball, 56, EV 95.0 MPH)
|
Bottom of the 4th over - 2 runs, 3 hits, 0 errors, 2 left on base; Louisiana 3 - Kennesaw 2 |
TOP OF THE 5TH |
Louisiana Dragoons batting - Pitching for Kennesaw Jets : LHP Andy Williams
|
Batting: RHB Si-xun Jin
|
0-0: Swinging Strike 0-1: Fly out, F3 (Line Drive, 3, EV 65.0 MPH)
|
Batting: LHB Rashid Jeltkov
|
0-0: Ball 1-0: Foul Ball, location: 2F 1-1: Ball 2-1: Swinging Strike 2-2: Ball 3-2: Strikes out swinging
|
Batting: RHB Colt Allen
|
0-0: Ball 1-0: Foul Ball, location: 2F 1-1: Fly out, F4 (Flyball, 4D, EV 94.4 MPH)
|
Top of the 5th over - 0 runs, 0 hits, 0 errors, 0 left on base; Louisiana 3 - Kennesaw 2 |
BOTTOM OF THE 5TH |
Kennesaw Jets batting - Pitching for Louisiana Dragoons : RHP Patrick Carlson
|
Batting: RHB Brent Leroy
|
0-0: Ball 1-0: Swinging Strike 1-1: Fly out, F7 (Flyball, 7LM, EV 85.6 MPH)
|
Batting: RHB Bras Castanheta
|
0-0: Ball 1-0: Ground out 5-3 (Groundball, 5S, EV 78.8 MPH)
|
Batting: RHB Andy Combs
|
0-0: Fly out, F8 (Flyball, 8RXD, EV 92.5 MPH)
|
Bottom of the 5th over - 0 runs, 0 hits, 0 errors, 0 left on base; Louisiana 3 - Kennesaw 2 |
TOP OF THE 6TH |
Louisiana Dragoons batting - Pitching for Kennesaw Jets : LHP Andy Williams
|
Batting: RHB Aubrey Callahan
|
0-0: Swinging Strike 0-1: Ball 1-1: SINGLE (Line Drive, 9S, EV 101.9 MPH)
|
Batting: RHB Jesse Garrett
|
0-0: Ball 1-0: Foul Ball, location: 2F 1-1: Called Strike 1-2: Foul Ball, location: 2F 1-2: Fly out, F8 (Flyball, 8RS, EV 83.1 MPH)
|
Batting: RHB Jerry Williams
|
0-0: Called Strike 0-1: Foul Ball, location: 2F 0-2: Ball 1-2: Grounds into double play, 5-4-3 (Groundball, 5L, EV 87.5 MPH)
|
Top of the 6th over - 0 runs, 1 hit, 0 errors, 0 left on base; Louisiana 3 - Kennesaw 2 |
BOTTOM OF THE 6TH |
Kennesaw Jets batting - Pitching for Louisiana Dragoons : RHP Patrick Carlson
|
Pitching: RHP Waylon Fraser
|
|
Batting: RHB Adam Wiltern
|
0-0: Ground out 2-3 (Groundball, 2L, EV 65.0 MPH)
|
Batting: LHB Reynaldo Pérez
|
0-0: Called Strike 0-1: Ball 1-1: Fly out, F7 (Flyball, 7D, EV 96.9 MPH)
|
Batting: RHB Scipione Borghese
|
0-0: SOLO HOME RUN (Flyball, 7D, EV 108.8 MPH), Distance : 368 ft
|
Batting: LHB Robert Dawson
|
0-0: Ball 1-0: Ball 2-0: Called Strike 2-1: Called Strike 2-2: Ball 3-2: Strikes out swinging
|
Bottom of the 6th over - 1 run, 1 hit, 0 errors, 0 left on base; Louisiana 3 - Kennesaw 3 |
TOP OF THE 7TH |
Louisiana Dragoons batting - Pitching for Kennesaw Jets : LHP Andy Williams
|
Batting: RHB Jun-soo Yi
|
0-0: Foul Ball, location: 2F 0-1: Ball 1-1: Swinging Strike 1-2: Ball 2-2: Ground out 4-3 (Groundball, 4, EV 80.0 MPH)
|
Batting: RHB Cristóbal Arteaga
|
0-0: Ball 1-0: Foul Ball, location: 2F 1-1: Ground out 4-3 (Groundball, 4, EV 89.4 MPH)
|
Batting: SHB Ron Carlisle
|
0-0: Ball 1-0: Hit by Pitch
|
Batting: RHB Si-xun Jin
|
0-0: Called Strike 0-1: Ball 1-1: Ball 2-1: Foul Ball, location: 2F 2-2: Fielders Choice at 2nd, 5-4 (Groundball, 5L, EV 87.5 MPH)
|
Top of the 7th over - 0 runs, 0 hits, 0 errors, 1 left on base; Louisiana 3 - Kennesaw 3 |
BOTTOM OF THE 7TH |
Kennesaw Jets batting - Pitching for Louisiana Dragoons : RHP Waylon Fraser
|
Batting: LHB Matt Mullen
|
0-0: Ground out 4-3 (Groundball, 4, EV 81.9 MPH)
|
Batting: RHB Sasha Orlovsky
|
0-0: Ball 1-0: Called Strike 1-1: Called Strike 1-2: Ball 2-2: Foul Ball, location: 2F 2-2: Foul Ball, location: 2F 2-2: Ball 3-2: SOLO HOME RUN (Flyball, 7D, EV 103.1 MPH), Distance : 369 ft
|
Batting: RHB Brent Leroy
|
0-0: Foul Ball, location: 2F 0-1: Swinging Strike 0-2: Strikes out swinging
|
Batting: RHB Bras Castanheta
|
0-0: Ball 1-0: Ball 2-0: Fly out, F9 (Flyball, 9S, EV 87.5 MPH)
|
Bottom of the 7th over - 1 run, 1 hit, 0 errors, 0 left on base; Louisiana 3 - Kennesaw 4 |
TOP OF THE 8TH |
Louisiana Dragoons batting - Pitching for Kennesaw Jets : LHP Andy Williams
|
Batting: LHB Rashid Jeltkov
|
0-0: Called Strike 0-1: Swinging Strike 0-2: SINGLE (Line Drive, 4M, EV 101.9 MPH)
|
Batting: RHB Colt Allen
|
0-0: Ball 1-0: Bunted foul 1-1: Sac Bunt to 2R - play at first, batter safe! Rashid Jeltkov to second
|
Pitching: RHP Okura Yamasaki
|
|
Batting: RHB Aubrey Callahan
|
0-0: Foul Ball, location: 2F 0-1: Foul Ball, location: 2F 0-2: Ball 1-2: Strikes out swinging
|
Pinch Hitting: LHB Abraham Ruenuitz
|
0-0: Called Strike 0-1: Ball 1-1: Foul Ball, location: 2F 1-2: Fielders Choice at 2nd, 5-4 (Groundball, 56, EV 84.4 MPH) Rashid Jeltkov to third
|
Batting: RHB Jerry Williams
|
0-0: Ball 1-0: Swinging Strike 1-1: Ball 2-1: Fly out, F3 (Popup, 3SF, EV 76.2 MPH)
|
Top of the 8th over - 0 runs, 2 hits, 0 errors, 2 left on base; Louisiana 3 - Kennesaw 4 |
BOTTOM OF THE 8TH |
Kennesaw Jets batting - Pitching for Louisiana Dragoons : RHP Waylon Fraser
|
Now at 3B: Rodrigo Santana
|
|
Batting: RHB Andy Combs
|
0-0: Ball 1-0: Foul Ball, location: 2F 1-1: SINGLE (Groundball, 56D, EV 101.9 MPH)
|
Batting: RHB Adam Wiltern
|
0-0: DOUBLE (Flyball, 8LXD, EV 106.2 MPH) Andy Combs to third Runner from 3rd tries for Home, SAFE, throw by CF to home
|
Pitching: RHP Roy Lowe
|
|
Batting: LHB Reynaldo Pérez
|
0-0: Ball 1-0: Called Strike 1-1: Ball 2-1: Foul Ball, location: 2F 2-2: Strikes out looking
|
Batting: RHB Scipione Borghese
|
0-0: Ball Adam Wiltern is caught stealing 3rd base 2-5 1-0: Foul Ball, location: 2F 1-1: Fly out, F3 (Popup, 23F, EV 81.9 MPH)
|
Bottom of the 8th over - 1 run, 2 hits, 0 errors, 0 left on base; Louisiana 3 - Kennesaw 5 |
TOP OF THE 9TH |
Louisiana Dragoons batting - Pitching for Kennesaw Jets : RHP Okura Yamasaki
|
Batting: RHB Jun-soo Yi
|
0-0: Ball 1-0: Swinging Strike 1-1: Hit by Pitch
|
Batting: RHB Cristóbal Arteaga
|
0-0: Called Strike 0-1: Swinging Strike 0-2: Ball 1-2: Ball 2-2: Strikes out swinging
|
Batting: SHB Ron Carlisle
|
0-0: Called Strike 0-1: Foul Ball, location: 2F 0-2: Ball 1-2: Foul Ball, location: 2F 1-2: Ball 2-2: Foul Ball, location: 2F 2-2: Foul Ball, location: 2F 2-2: Ball 3-2: Strikes out swinging
|
Batting: RHB Si-xun Jin
|
0-0: Foul Ball, location: 2F 0-1: Called Strike 0-2: Ball 1-2: Foul Ball, location: 2F 1-2: Ball 2-2: Ball 3-2: Base on Balls Jun-soo Yi to second
|
Pinch Runner at 2nd Jason Pratt:
|
|
Batting: LHB Rashid Jeltkov
|
0-0: Ball 1-0: Fly out, F6 (Flyball, 5D, EV 85.0 MPH)
|
Top of the 9th over - 0 runs, 0 hits, 0 errors, 2 left on base; Louisiana 3 - Kennesaw 5 |
|